 Dungeon Crawl Stone Soup version 0.18.0-1-g0107ab7 (webtiles) character file.

921 shmeve the Shield-Bearer (level 7, -2/61 HPs)
             Began as a Minotaur Berserker on May 6, 2016.
             Was a Priest of Trog.
             Slain by a gnoll
             ... wielding a +1 halberd of flaming
              (4 damage)
             ... on level 4 of the Dungeon.
             The game lasted 00:07:19 (3121 turns).

shmeve the Shield-Bearer (Minotaur Berserker)       Turns: 3121, Time: 00:07:20

Health: -2/61      AC:  9    Str: 22    XL:     7   Next: 84%
Magic:  6/6        EV:  9    Int:  5    God:    Trog [***...]
Gold:   150        SH: 10    Dex: 10    Spells: 0 memorised, 6 levels left

rFire  . . .     SeeInvis .     a - +0 hand axe
rCold  . . .     Gourm    .     j - +0 scale mail
rNeg   . . .     Faith    .     f - +0 shield
rPois  .         Spirit   .     (helmet restricted)
rElec  .         Dismiss  .     t - +0 cloak
rCorr  .         Reflect  .     y - +0 pair of gloves
SustAt .         Harm     .     (no boots)
MR     ++...                    (no amulet)
Stlth  ..........               (no ring)
                                n - ring of loudness (curse)

@: exhausted, regenerating, slowed, very slow, very resistant to hostile
enchantments, extremely unstealthy
A: retaliatory headbutt, horns 2
a: Berserk, Trog's Hand, Burn Spellbooks, Renounce Religion


You were on level 4 of the Dungeon.
You worshipped Trog.
Trog was most pleased with you.
You were hungry.

You visited 1 branch of the dungeon, and saw 4 of its levels.

You collected 150 gold pieces.

Inventory:

Hand Weapons
 a - a +0 hand axe (weapon)
Missiles
 p - 6 javelins (quivered)
Armour
 f - a +0 shield (worn)
 j - a +0 scale mail (worn)
 t - a +0 cloak (worn)
 y - a +0 pair of gloves (worn)
Jewellery
 n - a cursed ring of loudness (left hand)
Scrolls
 d - 6 scrolls of identify {unknown}
 g - a scroll of noise {unknown}
 h - 2 scrolls of blinking {unknown}
 i - 5 scrolls of remove curse {unknown}
 l - a scroll of amnesia {unknown}
 m - a scroll of recharging {unknown}
 q - a scroll of random uselessness {unknown}
 r - a scroll of teleportation {unknown}
 v - a scroll of immolation {unknown}
 w - a scroll of enchant weapon {unknown}
 A - a scroll of magic mapping {unknown}
Potions
 b - 2 potions of curing {unknown}
 e - a potion of ambrosia {unknown}
 o - 3 potions of degeneration {unknown}
 s - a potion of might {unknown}
 u - 2 potions of agility {unknown}
 z - a potion of brilliance {unknown}
Comestibles
 c - 3 bread rations
 k - a beef jerky
 x - 2 chunks of flesh


   Skills:
 * Level 5.3 Fighting
 * Level 5.6 Axes
 + Level 2.5 Throwing
 + Level 3.7 Armour
 + Level 3.4 Dodging
 * Level 7.0 Shields


You had 6 spell levels left.
You didn't know any spells.

Dungeon Overview and Level Annotations

Branches:
Dungeon (4/15)
 Temple: D:4-7

Altars:
Ashenzari


Innate Abilities, Weirdness & Mutations

You reflexively headbutt those who attack you in melee.
You have a pair of horns on your head.


Message History

You kill the gnoll!
Trog accepts your kill. You block the gnoll's attack.
The gnoll hits you but does no damage. x2
You block the gnoll's attack. The gnoll hits you but does no damage.
You feel the effects of Trog's Hand fading.
The gnoll shouts!
The gnoll hits you with a whip of freezing.
* * * LOW HITPOINT WARNING * * *
The gnoll freezes you.
* * * LOW HITPOINT WARNING * * *
You block the gnoll's attack. The gnoll barely misses you.
The gnoll hits you from afar with a halberd.
* * * LOW HITPOINT WARNING * * *
The gnoll hits you but does no damage. x3; You block the gnoll's attack.
The gnoll hits you with a spear.
* * * LOW HITPOINT WARNING * * *
The gnoll misses you. You block the gnoll's attack.
The gnoll barely misses you.
The gnoll hits you from afar with a halberd of flaming.
You die...

≈≈≈≈≈≈≈≈≈≈≈≈≈≈≈....≈≈≈≈≈≈≈≈≈≈≈≈≈≈
###≈≈≈≈≈≈≈≈≈≈≈≈....≈≈≈≈≈≈≈≈≈≈≈≈##
g.#............................#.
..#############''''#############.
#+#..#..#######....# #' #
#..#..'....)'....+ #
#..#..#######))).# #
##############)g###### #
......g)@gg.g... #
......)ggg...... #
......g.gg...... #
................ #
########''###### #. #+# +..+ #'
..##############################.
gg#...(......†.................#.
###≈≈≈≈≈≈≈≈≈≈≈≈≈≈≈≈≈≈≈≈≈≈≈≈≈≈≈≈##


You could see 11 gnolls.

Vanquished Creatures
  Sigmund (D:2)
  A gnoll sergeant (D:4)
  A crimson imp (D:4)
  Crazy Yiuf (D:2)
  4 gnoll shamans (D:4)
  An orc wizard (D:4)
  A giant frog skeleton (D:4)
  Ijyb (D:2)
  Natasha (thrice) (D:2)
  7 adders
  21 gnolls
  5 oozes
  A worm (D:2)
  3 dart slugs
  A giant gecko (D:1)
  2 orcs (D:4)
  8 giant cockroaches
  6 goblins
  2 hobgoblins
  16 jackals
  5 kobolds
  2 quokkas
  7 bats
  3 giant newts
  5 rats
108 creatures vanquished.

Notes
Turn   | Place    | Note
--------------------------------------------------------------
     0 | D:1      | shmeve the Minotaur Berserker began the quest for the Orb.
     0 | D:1      | Reached XP level 1. HP: 19/19 MP: 0/0
     1 | D:1      | Found a runed door.
    47 | D:1      | Reached XP level 2. HP: 25/27 MP: 1/1
    57 | D:1      | Reached skill level 1 in Throwing
    57 | D:1      | Reached XP level 3. HP: 19/33 MP: 2/2
   503 | D:1      | Reached skill level 1 in Shields
   755 | D:1      | Reached ** piety under Trog
  1033 | D:2      | Noticed Ijyb
  1042 | D:2      | Killed Ijyb
  1042 | D:2      | Reached skill level 2 in Shields
  1042 | D:2      | Reached XP level 4. HP: 40/40 MP: 3/3
  1081 | D:2      | Reached skill level 3 in Shields
  1084 | D:2      | Noticed Sigmund
  1095 | D:2      | Killed Sigmund
  1095 | D:2      | Reached skill level 5 in Shields
  1095 | D:2      | Reached XP level 5. HP: 27/46 MP: 4/4
  1098 | D:2      | Reached skill level 6 in Shields
  1098 | D:2      | Reached XP level 6. HP: 20/52 MP: 5/5
  1258 | D:2      | Noticed Natasha
  1266 | D:2      | Killed Natasha
  1355 | D:2      | Noticed Natasha
  1358 | D:2      | Killed Natasha
  1382 | D:2      | Noticed Natasha
  1395 | D:2      | Killed Natasha
  1721 | D:2      | Noticed Crazy Yiuf
  1729 | D:2      | Killed Crazy Yiuf
  2256 | D:3      | Reached *** piety under Trog
  2470 | D:3      | Found a shattered altar of Ashenzari.
  2614 | D:4      | Reached XP level 7. HP: 28/60 MP: 6/6
  2893 | D:4      | Reached skill level 5 in Axes
  3111 | D:4      | Reached skill level 5 in Fighting
  3114 | D:4      | Reached skill level 7 in Shields
  3121 | D:4      | HP: 2/61 [gnoll/spear (3)]
  3121 | D:4      | Slain by a gnoll

Skill      XL: |  1  2  3  4  5  6  7 |
---------------+----------------------+-----
Axes           | 4 5 |  5.6
Throwing       | 1 2 |  2.5
Fighting       | 4 5 |  5.3
Shields        | 2 5 6 7 |  7.0
Armour         | 3 |  3.7
Dodging        | 3 |  3.4

Action                   |  1- 3 |  4- 6 |  7- 9 || total
-------------------------+-------+-------+-------++-------
Melee: Hand axe          |    51 |   132 |    62 ||   245
       Headbutt          |     6 |    21 |    11 ||    38
Invok: Berserk           |     1 |     3 |     1 ||     5
       Trog's Hand       |       |     3 |     1 ||     4
  Eat: Chunk             |     1 |     8 |     3 ||    12
Armor: Animal skin       |     4 |       |       ||     4
       Scale mail        |     6 |    31 |    43 ||    80
Dodge: Dodged            |    34 |    58 |    52 ||   144
Block: Shield            |       |    66 |    79 ||   145
